 Dungeon Crawl Stone Soup version 0.29-a0-459-g97dee8cd24 (webtiles) character file.

Game seed: 3019237833464951942

473 garrulousMonolith the Chopper (level 7, 0/61 HPs)
             Began as a Hill Orc Monk on May 20, 2022.
             Was a Believer of Beogh.
             Killed by divine providence
             ... invoked by an orc priest
              (11 damage)
             ... on level 4 of the Dungeon.
             The game lasted 00:05:58 (4011 turns).

garrulousMonolith the Chopper (Hill Orc Monk)       Turns: 4011, Time: 00:05:59

Health: 0/61       AC:  4    Str: 16    XL:     7   Next: 10%
Magic:  9/9        EV: 12    Int: 10    God:    Beogh [**....]
Gold:   158        SH:  0    Dex: 13    Spells: 6/6 levels left

rFire   . . .      SeeInvis .   a - +0 war axe
rCold   . . .      Faith    .   (no shield)
rNeg    . . .      Spirit   .   e - +0 leather armour
rPois   .          Reflect  .   (no helmet)
rElec   .          Harm     .   (no cloak)
rCorr   .          Rampage  .   k - +0 pair of gloves
Will    .....                   (no boots)
Stlth   ++........              (no amulet)
HPRegen 0.20/turn               n - +4 ring of slaying
MPRegen 0.11/turn               (no ring)

@: brilliant
A: no striking features
a: Renounce Religion, Smiting


You were on level 4 of the Dungeon.
You worshipped Beogh.
Beogh was pleased with you.
You visited 1 branch of the dungeon, and saw 4 of its levels.

You collected 207 gold pieces.
You spent 49 gold pieces at shops.

Inventory:

Hand Weapons
 a - a +0 war axe (weapon)
 b - a +2 hunting sling of freezing
 p - a +1 flail of holy wrath
 s - a +0 trident
Missiles
 h - 3 poisoned darts
Armour
 e - a +0 leather armour (worn)
 k - a +0 pair of gloves (worn)
Jewellery
 n - a +4 ring of slaying (left hand)
 q - an amulet of faith
Wands
 u - a wand of mindburst (1)
Scrolls
 d - 2 scrolls of identify
 g - a scroll of immolation
 i - a scroll of blinking {unknown}
 j - a scroll of enchant weapon {unknown}
 m - a scroll of fog {unknown}
 o - 2 scrolls of magic mapping
Potions
 f - a potion of magic
 r - a potion of curing {unknown}
 t - a potion of haste {unknown}


   Skills:
 + Level 5.1 Fighting
 * Level 7.0 Axes
 + Level 3.1 Armour
 - Level 3.0 Dodging
 - Level 1.5 Stealth
 + Level 3.6 Invocations


You had 6 spell levels left.
You didn't know any spells.
Your spell library was empty.

Dungeon Overview and Level Annotations

Branches:
Dungeon (4/15)
 Temple: D:4-7

Altars:
Beogh

Shops:
D:3 ?

Annotations:
D:2 Sigmund
D:4 1 runed translucent door, Parzival711's ghost, amateur HOFi


Message History

You have reached level 7!
Aiming: Mindburst
Press: ? - help, Shift-Dir - straight line, f - orc priest
Aim: an orc priest, wielding a +0 mace (moderately wounded, chance to affect: 64%)
The orc priest struggles to resist.
The orc priest calls upon Beogh to heal the orc priest.
The orc priest is healed somewhat.
Aiming: Mindburst
Press: ? - help, Shift-Dir - straight line, f/p - orc priest
Aim: an orc priest, wielding a +0 mace (lightly wounded, chance to affect: 64%)
The orc priest's mind is blasted!
You blow up the orc priest!
Beogh accepts your kill.
Beogh appreciates your killing of a heretic priest.
Your Axes skill increases to level 7!
Aiming: Mindburst
Press: ? - help, Shift-Dir - straight line, f - orc priest
Aim: an orc priest, wielding a +0 club (chance to affect: 64%)
The orc priest's mind is blasted!
The orc priest invokes the aid of Beogh against you.
Beogh smites you!
The orc priest mumbles some strange prayers to Beogh against you.
Beogh smites you!
* * * LOW HITPOINT WARNING * * *
It was a potion of brilliance.
You feel clever all of a sudden.
The orc priest mumbles some strange prayers to Beogh against you.
You struggle to resist.
The orc priest miscasts a cantrip.
Aiming: Mindburst
Press: ? - help, Shift-Dir - straight line, f/p - orc priest
Aim: an orc priest, wielding a +0 club (heavily wounded, chance to affect: 64%)
The orc priest's mind is blasted!!
You blow up the orc priest!
Beogh accepts your kill.
Beogh appreciates your killing of a heretic priest.
The orc priest calls down the wrath of Beogh upon you.
Beogh smites you!
You die...
Beogh appreciates the orc priest's killing of a heretic priest.

####* ♣♣♣♣♣##
##$.$#*
♣♣.....##
#.8$8o###
♣.......#
#_..o.'o#
.♣♣♣♣♣#.#
#.8$8.#)# ♣♣
#.####.$o##)#
###)).######@.#
#......##...###
##..)......###
#........###
#........#
#........#
#........#
##........#
###.........#


You could see an orc priest.

Vanquished Creatures
  An ice beast (D:4)
  A phantom (D:4)
  2 scorpions (D:4)
  A howler monkey (D:4)
  2 orc priests (D:4)
  A hound (D:4)
  An adder (D:2)
  2 worms (D:3)
  A dart slug (D:3)
  8 orcs
  7 ball pythons
  5 endoplasms
  4 giant cockroaches
  6 goblins
  4 hobgoblins
  2 jackals (D:1)
  3 quokkas
  7 bats
  4 frilled lizards
  7 kobolds
  8 rats
77 creatures vanquished.

Vanquished Creatures (others)
  An endoplasm (D:4)
1 creature vanquished.

Grand Total: 78 creatures vanquished

Notes
Turn   | Place    | Note
-------+----------+-------------------------------------------
     0 | D:1      | garrulousMonolith the Hill Orc Monk began the quest for the
                  | Orb.
     0 | D:1      | Reached XP level 1. HP: 19/19 MP: 1/1
   404 | D:1      | Found a faded altar of an unknown god.
   843 | D:1      | Reached XP level 2. HP: 27/27 MP: 2/2
  1486 | D:1      | Reached skill level 1 in Invocations
  1693 | D:2      | Reached skill level 1 in Armour
  1693 | D:2      | Reached XP level 3. HP: 28/33 MP: 3/3
  1828 | D:2      | Noticed Sigmund
  2415 | D:3      | Reached XP level 4. HP: 40/40 MP: 5/5
  2575 | D:3      | Reached skill level 5 in Axes
  2788 | D:3      | Found Mahan's Magic Scroll Shoppe.
  2795 | D:3      | Bought a scroll of magic mapping for 49 gold pieces
  2951 | D:4      | Noticed a phantom
  2960 | D:4      | Killed a phantom
  2961 | D:4      | Reached XP level 5. HP: 36/46 MP: 6/6
  3169 | D:4      | Became a worshipper of Beogh the Brigand
  3169 | D:4      | Reached * piety under Beogh
  3169 | D:4      | Reached ** piety under Beogh
  3260 | D:4      | Reached skill level 6 in Axes
  3287 | D:4      | Noticed an ice beast
  3299 | D:4      | Killed an ice beast
  3300 | D:4      | Reached XP level 6. HP: 31/53 MP: 6/8
  3802 | D:4      | Found a runed translucent door.
  3804 | D:4      | Noticed Parzival711's ghost (amateur HOFi)
  3991 | D:4      | Found a roughly hewn altar of Beogh.
  4007 | D:4      | Reached skill level 5 in Fighting
  4007 | D:4      | Reached XP level 7. HP: 33/61 MP: 9/9
  4009 | D:4      | Reached skill level 7 in Axes
  4011 | D:4      | Killed from afar by an orc priest

Illustrated notes

Levels and vault maps discovered:
D:1:      onia_arrival_pentagram, layout_loops_corners, serial_forest,
          infiniplex_forest_lined_4_way, infiniplex_forest_corner_1,
          infiniplex_forest_straight_3, infiniplex_forest_lined_corner,
          infiniplex_forest_lined_2, infiniplex_forest_straight_1,
          shapermc_ecumenical_altar_venn
D:2:      layout_basic, uniq_sigmund
D:3:      layout_loops_cross, serial_shops, shop
D:4:      kb_forest_paths, layout_cave_pods, serial_shops, kennysheep_mini_moat,
          ebering_ghost_inner_flame, kennysheep_orc_chapel

Skill      XL: |  1  2  3  4  5  6  7 |
---------------+----------------------+-----
Invocations    | 1 2 3 |  3.6
Armour         | 1 2 3 |  3.1
Fighting       | 4 5 |  5.1
Axes           | 5 6 7 |  7.0
Dodging        | 3 |  3.0
Stealth        | |  1.5

Action                   |  1- 3 |  4- 6 |  7- 9 || total
-------------------------+-------+-------+-------++-------
Melee: Hand axe          |    14 |       |       ||    14
       War axe           |       |    49 |       ||    49
 Fire: Hunting sling     |    94 |    36 |       ||   130
Throw: Dart              |     2 |       |       ||     2
Invok: Convert to Beogh  |       |     1 |       ||     1
Evoke: Wand              |       |       |     4 ||     4
  Use: Scroll            |     1 |     1 |       ||     2
       Potion            |       |     2 |     1 ||     3
 Stab: Sleeping          |     1 |       |       ||     1
Armor: Robe              |    11 |       |       ||    11
       Leather armour    |     6 |    15 |       ||    21
Dodge: Dodged            |    52 |    34 |       ||    86

Table legend: (Time is in decaauts)
 A = Elapsed time spent in this place.
 B = Non-inter-level travel time spent in this place.
 C = Inter-level travel time spent in this place.
 D = Time resting spent in this place.
 E = Time spent auto-exploring this place.
 F = Levels seen in this place.
 G = Mean time per level.
                   A        B        C        D        E       F      G
               +--------+--------+--------+--------+--------+-----+--------+
         Total |   4085 |   4005 |     80 |    938 |   2408 |   4 | 1021.2 |
       Dungeon |   4085 |   4005 |     80 |    938 |   2408 |   4 | 1021.2 |
               +--------+--------+--------+--------+--------+-----+--------+

Top non-repeatable levels by time:
     D:1: 1848 daAuts
     D:4: 1075 daAuts
     D:3: 717 daAuts
     D:2: 444 daAuts
